 Dungeon Crawl Stone Soup version 0.31-a0-574-g69dc8cc98e (webtiles) character file.

Game seed: 11903122402774750155

18 LobsterGuardian the Sneak (level 2, -5/16 HPs)
             Began as a Spriggan Delver on Aug 19, 2023.
             Splashed by a jelly's acid (7 damage)
             ... in the Ecumenical Temple.
             The game lasted 00:01:01 (249 turns).

LobsterGuardian the Sneak (Spriggan Delver)          Turns: 249, Time: 00:01:01

Health: -5/16      AC:  2    Str:  8    XL:     2   Next: 51%
Magic:  3/3        EV: 17    Int: 11    God:
Gold:   32         SH:  0    Dex: 16    Spells: 1/1 levels left

rFire   . . .        a - +0 short sword
rCold   . . .        (no shield)
rNeg    . . .        b - +0 robe
rPois   .            (helmet restricted)
rElec   .            (no cloak)
rCorr   .            (gloves unavailable)
SInv    +            (boots unavailable)
Will    .....        (no amulet)
Stlth   ++++         (no ring)
HPRegen 0.22/turn    (no ring)
MPRegen 0.08/turn

%: no passive effects
@: very quick
A: very small, no large weapons, unfitting armour, see invisible, speed 3
a: no special abilities


You were in the Ecumenical Temple.
You visited 2 branches of the dungeon, and saw 3 of its levels.

You collected 32 gold pieces.

Inventory:

Hand Weapons
 a - a +0 short sword (weapon)
Armour
 b - a +0 robe (worn)
Wands
 g - a wand of digging (3)
Scrolls
 c - a scroll of fog
 d - a scroll of revelation
 e - a scroll of fear
 h - a scroll of teleportation {unknown}


   Skills:
 + Level 2.5 Fighting
 + Level 2.2 Short Blades
 * Level 3.1 Dodging
 + Level 7.9 Stealth


You had one spell level left.
You didn't know any spells.
Your spell library was empty.

Dungeon Overview and Level Annotations

Branches:
Dungeon (6/15)             Temple (1/1) D:5

Altars:
Dithmenos
Elyvilon
Hepliaklqana
Kikubaaqudgha
Qazlal
Ru
Trog
Vehumet
Yredelemnul
The Shining One


Innate Abilities, Weirdness & Mutations

You are very small and have problems with some larger weapons.
You are too small for most types of armour.
You have supernaturally acute eyesight. (SInv)
You cover ground extremely quickly. (Speed+++)


Message History

The jelly misses you.
You hit the jelly but do no damage.
Your hands burn!
The jelly is moderately wounded.
The jelly barely misses you.
You hit the jelly.
Your hands burn!
The jelly is moderately wounded.
The jelly completely misses you. The jelly misses you.
Found 14 gold pieces.
You now have 23 gold pieces (gained 14).
There is a shaft here.
You now have 32 gold pieces (gained 9).
A jelly comes into view.
Found 16 gold pieces. 2 gnolls come into view.
Found a staircase to the Ecumenical Temple.
The gnoll shouts!
A gnoll comes into view. It is wielding a +0 club.
You see here 16 gold pieces.
The gnoll shouts!
The jelly quivers.
Found a coppery potion.
The jelly misses you. The jelly completely misses you.
There is a staircase to the Ecumenical Temple here.
The jelly closely misses you.
You climb downwards.
Welcome to the Ecumenical Temple!
Found a staircase back to the Dungeon.
There is a staircase back to the Dungeon here.
Unknown command.
You hit the jelly.
Your hands burn!
The jelly is moderately wounded.
You hit the jelly.
Your hands burn!
The jelly is heavily wounded.
The jelly closely misses you.
You hit the jelly.
Your hands burn!
The jelly is almost dead.
The jelly hits you.
* * * LOW HITPOINT WARNING * * *
You are splashed with acid!
You die...

#.# #.# #.# #.# #
##.## #.# ##
##...## #.#
.####.....# ##.##
......._..#
##...##
.####.....#
##8...8## ##
##...## #..J....#
# ##### #...@...#
#.......#
##8...8## # #####
##...## ## ##...##
##.##
.####.....######.#
......._.........#
.####.....########
## ##...##


You could see a jelly.

Vanquished Creatures
  2 adders (D:6)
2 creatures vanquished.

Notes
Turn   | Place    | Note
-------+----------+-------------------------------------------
     0 | D:5      | LobsterGuardian the Spriggan Delver began the quest for the
                  | Orb.
     0 | D:5      | Reached XP level 1. HP: 11/11 MP: 2/2
     9 | D:6      | Reached XP level 2. HP: 16/16 MP: 3/3
    62 | D:6      | Noticed a water moccasin
   238 | D:5      | Found a staircase to the Ecumenical Temple.
   246 | Temple   | Entered the Ecumenical Temple
   249 | Temple   | Splashed by a jelly's acid

Illustrated notes

Levels and vault maps discovered:
D:5:      layout_loops_ring, bloody_makhleb, minmay_temple_entry_statues,
          nicolae_underground_beach
D:6:      layout_loops_corners, kennysheep_little_box, uniq_jeremiah,
          uniq_blork_the_orc, uniq_eustachio, uniq_prince_ribbit1
Temple:   hellmonk_temple_beads

Skill      XL: |  1 |
---------------+----+-----
Dodging        | 3 |  3.1
Fighting       | |  2.5
Short Blades   | |  2.2
Stealth        | |  7.9

Action                     || total
---------------------------++-------
  Melee: Short sword       ||    19
         Punch             ||     1
    Use: Potion            ||     1
   Stab: Sleeping          ||     1
 Armour: Robe              ||     2
  Dodge: Dodged            ||    18

Table legend: (Time is in decaauts)
 A = Elapsed time spent in this place.
 B = Non-inter-level travel time spent in this place.
 C = Inter-level travel time spent in this place.
 D = Time resting spent in this place.
 E = Time spent auto-exploring this place.
 F = Levels seen in this place.
 G = Mean time per level.
                   A        B        C        D        E       F      G
               +--------+--------+--------+--------+--------+-----+--------+
         Total |    160 |    160 |      0 |      0 |     94 |   3 |   53.3 |
       Dungeon |    157 |    157 |      0 |      0 |     94 |   2 |   78.5 |
        Temple |      2 |      2 |      0 |      0 |      0 |   1 |    2.0 |
               +--------+--------+--------+--------+--------+-----+--------+

Top non-repeatable levels by time:
     D:5: 98 daAuts
     D:6: 58 daAuts
  Temple: 2 daAuts
